 Dungeon Crawl Stone Soup version 0.28.0-45-g0d030f2227 (webtiles) character file.

Game seed: 664402436760499516

32538 Peloso the Carver (level 13, -5/118 HPs)
             Began as a Minotaur Fighter on Mar 31, 2022.
             Was the Champion of Okawaru.
             Slain by Rupert
             ... wielding a +0 great mace of protection
              (31 damage)
             ... on level 13 of the Dungeon.
             The game lasted 00:30:05 (18272 turns).

Peloso the Carver (Minotaur Fighter)               Turns: 18272, Time: 00:30:06

Health: -5/118     AC: 33    Str: 23    XL:     13   Next: 31%
Magic:  12/12      EV:  8    Int:  5    God:    Okawaru [******]
Gold:   757        SH: 12    Dex: 16    Spells: 12/12 levels left

rFire   + . .      SeeInvis .   c - +5 scimitar
rCold   . . .      Faith    +   j - +0 kite shield
rNeg    . . .      Spirit   .   r - +10 plate armour of the Dwarven Hall {Rampage +Inv rF+}
rPois   +          Reflect  .   (helmet restricted)
rElec   .          Harm     .   (no cloak)
rCorr   .          Rampage  +   C - +2 pair of gloves {Dex+3}
Will    .....                   (no boots)
Stlth   ..........              D - amulet of faith
HPRegen 0.29/turn               i - ring of poison resistance
MPRegen 0.13/turn               q - +4 ring of protection

@: no status effects
A: horns 2, retaliatory headbutt
a: Renounce Religion, Evoke Invisibility, Heroism, Finesse, Duel


You were on level 13 of the Dungeon.
You worshipped Okawaru.
Okawaru was exalted by your worship.
You visited 3 branches of the dungeon, and saw 17 of its levels.
You also visited: Sewer.

You collected 757 gold pieces.

Inventory:

Hand Weapons
 a - the +9 short sword of Departure {holy, rElec rF- Str+2}
   (You found it on level 3 of the Dungeon)

   It has been blessed by the Shining One to cause great damage to the undead
   and demons.
   Str:       It affects your strength (+2).
   rF:        It makes you vulnerable to fire.
   rElec:     It insulates you from electricity.
 b - a +1 whip of flaming
 c - a +5 scimitar (weapon)
Armour
 j - a +0 kite shield (worn)
 r - the +10 plate armour of the Dwarven Hall (worn) {Rampage +Inv rF+}
   (You found it on level 8 of the Dungeon)

   rF:        It protects you from fire.
   +Inv:      It lets you turn invisible.
   Rampage:   It bestows one free step when moving towards enemies.
 C - a +2 pair of gloves of dexterity (worn)
 J - the +4 cloak of the Louse {rC- MP+9 Dex+5 SInv}
   (Okawaru gifted it to you on level 11 of the Dungeon)

   Dex:       It affects your dexterity (+5).
   rC:        It makes you vulnerable to cold.
   MP:        It affects your magic capacity (+9).
   SInv:      It lets you see invisible.
Jewellery
 e - a ring of fire
 i - a ring of poison resistance (left hand)
 q - a +4 ring of protection (right hand)
 A - a +6 ring of intelligence
 D - an amulet of faith (around neck)
 N - an amulet of the acrobat
Wands
 B - a wand of digging (6)
 F - a wand of acid (5)
 H - a wand of iceblast (5)
 L - a wand of flame (13)
Scrolls
 f - 2 scrolls of identify
 k - 9 scrolls of teleportation
 l - 3 scrolls of blinking {unknown}
 o - a scroll of fear
 p - a scroll of amnesia {unknown}
 s - 3 scrolls of fog {unknown}
 t - 2 scrolls of enchant weapon {unknown}
 u - a scroll of immolation {unknown}
 x - a scroll of enchant armour {unknown}
 y - 4 scrolls of noise {unknown}
 z - a scroll of summoning {unknown}
 G - 2 scrolls of magic mapping {unknown}
 I - 2 scrolls of vulnerability {unknown}
 M - a scroll of acquirement {unknown}
Potions
 d - a potion of might
 g - 3 potions of haste
 h - 5 potions of curing
 m - 3 potions of cancellation
 n - a potion of berserk rage
 v - a potion of flight
 w - a potion of invisibility
 E - a potion of mutation
 K - 5 potions of ambrosia


   Skills:
 + Level 12.2 Fighting
 + Level 10.6(13.4) Short Blades
 + Level 14.2(15.8) Long Blades
 + Level 3.5 Maces & Flails
 + Level 13.0 Armour
 + Level 4.3 Dodging
 + Level 1.5 Stealth
 + Level 10.3 Shields
 + Level 0.7 Invocations


You had 12 spell levels left.
You didn't know any spells.
Your spell library contained the following spells:

 Spells                   Type           Power      Damage    Failure   Level
 Beastly Appendage        Tmut           0%         N/A       100%        1
 Wereblood                Tmut           0%         N/A       100%        2
 Gell's Gravitas          Tloc           0%         N/A       100%        3
 Lesser Beckoning         Tloc           0%         N/A       100%        3
 Spider Form              Tmut/Pois      0%         N/A       100%        3
 Teleport Other           Tloc           0%         N/A       100%        3
 Leda's Liquefaction      Hex/Erth       0%         N/A       100%        4
 Passage of Golubria      Tloc           0%         N/A       100%        4
 Borgnjor's Vile Clutch   Necr/Erth      0%         N/A       100%        5
 Lee's Rapid Deconstruct  Erth           0%         3d5*      100%        5
 Metabolic Englaciation   Hex/Ice        0%         N/A       100%        5
 Yara's Violent Unravell  Hex/Tmut       0%         3d3       100%        5
 Statue Form              Tmut/Erth      0%         N/A       100%        6
 Ozocubu's Refrigeration  Ice            0%         4d5       100%        7
 Tukima's Dance           Hex            Unusable   N/A       N/A         3
 Animate Dead             Necr           Unusable   N/A       N/A         4
 Death Channel            Necr           Unusable   N/A       N/A         6

Dungeon Overview and Level Annotations

Branches:
Dungeon (13/15)            Temple (1/1) D:7            Lair (3/6) D:9
    Orc (0/2) D:9           Sewer (visited)
  Swamp: Lair:2-4    Shoals: Lair:2-4     Snake: Lair:2-4    Spider: Lair:2-4
 Vaults: D:13-14

Altars:
Ashenzari
Cheibriados
Dithmenos
Elyvilon
Fedhas
Gozag
Hepliaklqana
Kikubaaqudgha
Makhleb
Nemelex Xobeh
Okawaru
Qazlal
Ru
Sif Muna
Trog
Uskayaw
Vehumet
Wu Jian
Xom
Yredelemnul
Zin
The Shining One

Shops:
D:1 (

Annotations:
D:13 Rupert


Innate Abilities, Weirdness & Mutations

You have a pair of horns on your head.
You reflexively headbutt those who attack you in melee.


Message History

Things that are here:
a +0 giant club; a +0 giant club; a two-headed ogre corpse HP restored.
Found 25 bolts.
Found 23 bolts.
f - 2 scrolls of identify (gained 1)
You now have 757 gold pieces (gained 15).
Rupert the Wild comes into view.
He is wielding a +0 great mace of protection.
Found a stone staircase leading down.
Rupert is nearby!
You fail to use your ability.
Rupert roars madly and goes into a rage!
Rupert goes berserk!
You barely miss Rupert. You headbutt Rupert, but do no damage.
You block Rupert's attack.
You hit Rupert but do no damage.
Rupert hits you with a +0 great mace of protection! x2
You slice Rupert!! You headbutt Rupert, but do no damage.
Rupert is lightly wounded.
You block Rupert's attack.
You barely miss Rupert. You headbutt Rupert!
Rupert is lightly wounded.
You block Rupert's attack.
You closely miss Rupert. Your headbutt misses Rupert.
Rupert is lightly wounded.
Rupert hits you with a +0 great mace of protection.
You hit Rupert. You headbutt Rupert!
Rupert is moderately wounded.
Rupert hits you with a +0 great mace of protection!
You closely miss Rupert. You headbutt Rupert!
Rupert is moderately wounded.
Rupert hits you with a +0 great mace of protection! x2
You slash Rupert!
Rupert is moderately wounded.
Rupert hits you with a +0 great mace of protection!!!
* * * LOW HITPOINT WARNING * * *
You barely miss Rupert.
Rupert is moderately wounded.
Rupert hits you with a +0 great mace of protection!!
You die...

#.# # #.# ..#####.#
........#
#.##..........######.
#.......>......^.....
#..#......@......#
#......######@##. #.###
#..#.......##@##.##....
......###.##.##.##...###
#
#.#.#...##.##.##.##.....
#.#...........#.##.##...#
#.###.#......(..........#
#.##.#..###.##....#....#
#.#.#.## #............#
#....# #######.#....# #
##.#.#
########.##...####....


You could see Rupert (berserk).

Vanquished Creatures
  Snorg (Lair:2)
  3 hydras
  A boulder beetle (D:11)
  Harold (D:7)
  4 two-headed ogres
  A tengu warrior (D:13)
  Nergalle (D:12)
  Pikel (D:7)
  A manticore (D:12)
  An ugly thing (D:11)
  2 cyclopes
  8 cane toads
  3 black mambas
  Maggie (D:7)
  A gargoyle (D:11)
  5 komodo dragons
  A rime drake (Lair:2)
  4 trolls
  A queen bee (Lair:1)
  4 hornets
  4 blink frogs (Lair:3)
  2 shadows
  5 wraiths
  A basilisk (Lair:2)
  Grum (D:8)
  24 yaks
  3 wyverns
  A steam dragon (D:7)
  7 vampire mosquitoes
  11 water moccasins
  2 acid dragons
  A sky beast (D:7)
  2 ice beasts (D:8)
  4 orc warriors
  7 black bears
  2 ogres (D:5)
  7 wolves
  5 centaurs
  A phantom (D:4)
  A lemure (D:7)
  2 kobold brigands
  10 bullfrogs
  A gnoll sergeant (D:9)
  A wyvern zombie (D:6)
  5 scorpions
  29 killer bees
  3 water moccasin skeletons
  10 wights
  3 electric eels
  6 howler monkeys
  3 hounds
  4 centaur zombies
  5 orc priests
  4 centaur skeletons
  9 iguanas
  9 orc wizards
  2 killer bee zombies
  A hound zombie (D:5)
  4 gnolls (D:9)
  2 howler monkey zombies (D:7)
  5 adders
  A howler monkey skeleton (D:4)
  A river rat (D:3)
  A white imp (D:6)
  An ufetubus (D:5)
  2 adder skeletons
  A worm (D:3)
  A dart slug (D:4)
  37 orcs
  8 ball pythons
  4 bats
  4 endoplasms
  4 giant cockroaches
  4 goblins
  7 hobgoblins
  6 jackals
  19 kobolds
  4 quokkas
  3 frilled lizards
  7 rats
369 creatures vanquished.

Vanquished Creatures (others)
  An orc priest (D:12)
  An orc wizard (D:6)
  A bush (Lair:1)
  43 fungi
  65 plants
111 creatures vanquished.

Grand Total: 480 creatures vanquished

Notes
Turn   | Place    | Note
-------+----------+-------------------------------------------
     0 | D:1      | Peloso the Minotaur Fighter began the quest for the Orb.
     0 | D:1      | Reached XP level 1. HP: 19/19 MP: 0/0
   176 | D:1      | Reached XP level 2. HP: 27/27 MP: 1/1
   497 | D:1      | Found a faded altar of an unknown god.
   704 | D:1      | Found Lubuemia's Antique Weapon Shop.
  1083 | D:2      | Reached XP level 3. HP: 28/33 MP: 2/2
  1446 | D:3      | Reached skill level 3 in Long Blades
  1482 | D:3      | Identified the +9 short sword of Departure {holy, rElec rF-
                  | Str+2}
  1583 | D:3      | Reached skill level 1 in Short Blades
  1583 | D:3      | Reached XP level 4. HP: 19/40 MP: 3/3
  1662 | D:3      | Noticed a scorpion
  1676 | D:3      | Killed a scorpion
  1677 | D:3      | Reached skill level 1 in Dodging
  1677 | D:3      | Reached XP level 5. HP: 25/46 MP: 4/4
  1704 | D:3      | Found a glowing drain.
  1717 | Sewer    | Entered a sewer
  1854 | Sewer    | Noticed a water moccasin
  1868 | Sewer    | Killed a water moccasin
  1869 | Sewer    | Reached skill level 4 in Long Blades
  1869 | Sewer    | Reached skill level 5 in Armour
  1869 | Sewer    | Reached XP level 6. HP: 12/53 MP: 5/5
  2918 | D:4      | Reached skill level 5 in Fighting
  2938 | D:4      | Reached XP level 7. HP: 40/61 MP: 6/6
  3176 | D:4      | Reached skill level 5 in Short Blades
  3459 | D:5      | Entered Level 5 of the Dungeon
  3743 | D:5      | Reached skill level 5 in Shields
  3743 | D:5      | Reached XP level 8. HP: 36/70 MP: 7/7
  3760 | D:5      | Identified the +1 war axe of Guloheem {venom, rC+ Str+2}
  4723 | D:6      | Reached skill level 1 in Stealth
  5075 | D:6      | Reached XP level 9. HP: 67/78 MP: 8/8
  5264 | D:7      | Noticed Harold
  5288 | D:7      | Killed Harold
  5565 | D:7      | Found a staircase to the Ecumenical Temple.
  5570 | D:7      | Noticed Pikel
  5596 | D:7      | Killed Pikel
  5709 | Temple   | Entered the Ecumenical Temple
  6170 | Temple   | Became a worshipper of Warmaster Okawaru
  6376 | D:7      | Noticed Maggie
  6383 | D:7      | Killed Maggie
  6435 | D:7      | Reached XP level 10. HP: 63/88 MP: 9/9
  6639 | D:7      | Reached * piety under Okawaru
  7030 | D:8      | Reached skill level 10 in Short Blades
  7423 | D:8      | Reached skill level 10 in Armour
  7751 | D:8      | Noticed Grum
  7771 | D:8      | Killed Grum
  8220 | D:8      | Reached ** piety under Okawaru
  8610 | D:8      | Identified the +10 plate armour of the Dwarven Hall
                  | {Rampage +Inv rF+}
  9196 | D:9      | Reached skill level 5 in Long Blades
  9214 | D:9      | Reached skill level 6 in Long Blades
  9221 | D:9      | Found a staircase to the Lair.
  9222 | D:9      | Noticed a two-headed ogre
  9235 | D:9      | Killed a two-headed ogre
  9235 | D:9      | Reached *** piety under Okawaru
  9389 | D:9      | Found a staircase to the Orcish Mines.
  9439 | D:9      | Reached skill level 7 in Long Blades
  9699 | D:9      | Reached **** piety under Okawaru
  9700 | D:9      | Reached XP level 11. HP: 94/95 MP: 10/10
 10055 | D:10     | Entered Level 10 of the Dungeon
 10135 | D:10     | Noticed a two-headed ogre
 10154 | D:10     | Killed a two-headed ogre
 10155 | D:10     | Reached skill level 8 in Long Blades
 10446 | D:10     | Noticed a two-headed ogre
 10458 | D:10     | Killed a two-headed ogre
 11052 | D:10     | Found a stormy altar of Qazlal.
 11064 | D:10     | Found a white marble altar of Elyvilon.
 11116 | D:10     | Reached ***** piety under Okawaru
 11187 | D:10     | Reached skill level 9 in Long Blades
 11504 | D:11     | Noticed a four-headed hydra
 11522 | D:11     | Killed a six-headed hydra
 11522 | D:11     | Received a gift from Okawaru
 11793 | D:10     | Reached skill level 1 in Maces & Flails
 12027 | D:11     | Noticed a purple ugly thing
 12041 | D:11     | Killed a purple ugly thing
 12087 | D:11     | Noticed a boulder beetle
 12108 | D:11     | Killed a boulder beetle
 12108 | D:11     | Identified the +4 cloak of the Louse {rC- MP+9 Dex+5 SInv}
                  | (Okawaru gifted it to you on level 11 of the Dungeon)
 12108 | D:11     | Received a gift from Okawaru
 12109 | D:11     | Reached skill level 10 in Long Blades
 12289 | D:11     | Found a stormy altar of Qazlal.
 12687 | Lair:1   | Entered Level 1 of the Lair of Beasts
 12766 | Lair:1   | Reached skill level 10 in Fighting
 13071 | Lair:1   | Reached ****** piety under Okawaru
 13072 | Lair:1   | Reached XP level 12. HP: 97/106 MP: 11/11
 13167 | Lair:1   | Got the Papyrus of the Snowflakes and Stones
 13222 | Lair:1   | Reached skill level 11 in Long Blades
 14031 | Lair:2   | Noticed a five-headed hydra
 14074 | Lair:1   | Killed a five-headed hydra
 14527 | Lair:2   | Reached skill level 12 in Long Blades
 14543 | Lair:2   | Identified the +3 ring mail of Subjectivity {*Slow Regen+
                  | Dex-4 SInv} (Okawaru gifted it to you on level 2 of the
                  | Lair of Beasts)
 14543 | Lair:2   | Received a gift from Okawaru
 15665 | Lair:3   | Identified the +10 war axe of Precise Incision {holy, rC+
                  | Dex+3}
 15953 | Lair:3   | Reached skill level 13 in Long Blades
 16039 | Lair:3   | Noticed Snorg
 16072 | Lair:2   | Killed Snorg
 16485 | Lair:3   | Reached XP level 13. HP: 40/116 MP: 12/12
 16988 | D:12     | Noticed Nergalle
 17013 | D:12     | Killed Nergalle
 17442 | D:12     | Reached skill level 10 in Shields
 17449 | D:12     | Received a gift from Okawaru
 17450 | D:12     | Reached skill level 14 in Long Blades
 18259 | D:13     | Noticed Rupert
 18272 | D:13     | Slain by Rupert

Illustrated notes

Levels and vault maps discovered:
D:1:      dpeg_arrival_chambers_temple_mockup, layout_loops_ring,
          hellmonk_ecumenical_altar_pennies_from_heaven, serial_shops,
          nicolae_lakefront_shop
D:2:      layout_rooms
D:3:      layout_basic, portal_sewer_entry_b
D:4:      layout_cave_pools, st_stairs_12
D:5:      layout_rooms, serial_rivers, chequers_serial_rivers_micro_a,
          chequers_serial_rivers_micro_d, chequers_serial_rivers_small_a,
          chequers_serial_rivers_marsh, abandoned_shop, minmay_crystal_room,
          chequers_big_river
D:6:      layout_basic
D:7:      layout_loops_ring, temple_fountains, roderic_lattice_a,
          chequers_serial_rivers_small_b, uniq_harold, uniq_pikel, uniq_maggie
D:8:      layout_gridville, uniq_grum
D:9:      layout_roguey, due_lair_maze_entry_diamond, orc_0_dummy, minivault_27,
          minivault_1
D:10:     layout_basic, amethyst_overflow_temple_binary
D:11:     layout_roguey, nicolae_qazlal_general_emergency
D:12:     layout_basic, uniq_nergalle
D:13:     layout_loops_ring, uniq_rupert, uniq_josephine
Temple:   mainiacjoe_temple_big_plus
Lair:1:   layout_roguey [special_room_bee], small_statue_intersection,
          serial_bayou_shore_b, serial_bayou_shore_a
Lair:2:   layout_long_grid, minivault_25
Lair:3:   cheibrodos_lair_overgrown_chateau, layout_gridlike,
          lemuel_fruit_fields, uniq_snorg

Skill      XL: |  1  2  3  4  5  6  7  8  9 10 11 12 13 |
---------------+----------------------------------------+-----
Shields        | 4 5 6 7 8 9 10 | 10.3
Armour         | 4 5 6 7 9 10 11 12 13 | 13.0
Fighting       | 4 5 6 7 8 10 11 12 | 12.2
Long Blades    | 3 4 7 10 13 14 | 14.2
Short Blades   | 1 2 3 6 7 9 10 | 10.6
Dodging        | 1 2 3 4 |  4.3
Stealth        | 1 |  1.5
Maces & Flails | 2 3 |  3.5
Invocations    | |  0.7

Action                   |  1- 3 |  4- 6 |  7- 9 | 10-12 | 13-15 || total
-------------------------+-------+-------+-------+-------+-------++-------
Melee: Long sword        |    72 |       |       |       |       ||    72
       Headbutt          |     7 |    11 |    43 |   173 |    38 ||   272
       Short sword       |     4 |    80 |   197 |    53 |       ||   334
       Scimitar          |       |       |       |   676 |   126 ||   802
       Whip              |       |       |       |    28 |     9 ||    37
Invok: Heroism           |       |       |       |     4 |     3 ||     7
  Use: Scroll            |     3 |       |     5 |     2 |     1 ||    11
       Potion            |       |       |     1 |     2 |       ||     3
Armor: Scale mail        |    43 |    26 |       |       |       ||    69
       Plate armour      |       |     9 |    94 |   569 |    98 ||   770
Dodge: Dodged            |    46 |    36 |    55 |   346 |    60 ||   543
Block: Buckler           |    21 |    18 |    30 |   269 |    50 ||   388
       Kite shield       |       |       |       |       |     3 ||     3
